 Dungeon Crawl Stone Soup version 0.29-a0-359-g541a27f54d (webtiles) character file.

Game seed: 11493306355957866265

156 zeratav the Quickloader (level 5, -1/30 HPs)
             Began as a Kobold Hunter on Apr 27, 2022.
             Succumbed to Eustachio's poison
             ... on level 4 of the Dungeon.
             The game lasted 00:03:25 (2695 turns).

zeratav the Quickloader (Kobold Hunter)             Turns: 2695, Time: 00:03:26

Health: -1/30      AC:  3    Str:  8    XL:     5   Next: 65%
Magic:  5/5        EV: 14    Int: 10    God:
Gold:   117        SH:  5    Dex: 21    Spells: 4/4 levels left

rFire   . . .      SeeInvis .   a - +1 hand crossbow {crossbow}
rCold   . . .      Faith    .   (no shield)
rNeg    . . .      Spirit   .   b - +0 leather armour
rPois   .          Reflect  +   (no helmet)
rElec   .          Harm     .   (no cloak)
rCorr   .          Rampage  .   (no gloves)
Will    .....                   (no boots)
Stlth   +++.......              o - amulet of reflection
HPRegen 0.10/turn               (no ring)
MPRegen 0.09/turn               (no ring)

@: lethally poisoned (-1 -> -12)
A: small, no large weapons, nightstalker 3
a: no special abilities


You were on level 4 of the Dungeon.
You visited 1 branch of the dungeon, and saw 4 of its levels.

You collected 117 gold pieces.


Innate Abilities, Weirdness & Mutations

You are small and have problems with some larger weapons.
You are completely attuned to the shadows.


   Skills:
 - Level 2.1 Fighting
 + Level 8.6 Crossbows
 - Level 2.4 Dodging
 - Level 1.3 Stealth


You had 4 spell levels left.
You didn't know any spells.
Your spell library contained the following spells:

 Spells                   Type           Power      Damage    Failure   Level
 Magic Dart               Conj           0%         1d3       50%         1
 Corpse Rot               Necr/Air       0%         N/A       63%         2
 Searing Ray              Conj           0%         2d4       63%         2
 Fulminant Prism          Conj/Hex       0%         3d6       99%         4

Inventory:

Hand Weapons
 a - a +1 hand crossbow (weapon) {crossbow}
 d - a +1 vampiric rapier {short}
   (You found it on level 1 of the Dungeon)
Armour
 b - a +0 leather armour (worn)
 t - the +1 leather armour of the Albatross {rElec rCorr Str+2}
   (You found it on level 3 of the Dungeon)

   Str:       It affects your strength (+2).
   rElec:     It insulates you from electricity.
   rCorr:     It protects you from acid and corrosion.
Jewellery
 o - an amulet of reflection (around neck)
   (You found it on level 3 of the Dungeon)
Scrolls
 c - a scroll of immolation {!r!r}
 e - a scroll of teleportation {unknown}
 g - a scroll of brand weapon {unknown}
 i - 2 scrolls of amnesia {unknown}
 l - a scroll of noise {unknown}
 m - a scroll of enchant weapon {unknown}
 r - 3 scrolls of identify {unknown}
Potions
 h - a potion of brilliance {unknown}
 j - a potion of magic {unknown}
 q - a potion of mutation {unknown}
 s - a potion of ambrosia {unknown}
 w - a potion of berserk rage {unknown}

Dungeon Overview and Level Annotations

Branches:
Dungeon (4/15)
 Temple: D:4-7

Altars:

Annotations:
D:4 Eustachio

........# #.......#
###...... . #....@.#
.. #..#@# ..
.#....##.. ..
......#..... ..
............ ......
.#........... ..>....
#....................
#....................
......#...#...........
#...#.#.............#.


You could see Eustachio.


Message History

Okay, then.
You now have 104 gold pieces (gained 13).
A giant cockroach comes into view.
HP[+11]
Your hp is fully restored (30).
A giant cockroach is nearby!
You shoot a bolt. The bolt hits the giant cockroach.
You shoot a bolt.
The bolt hits the giant cockroach but does no damage.
You shoot a bolt.
The bolt hits the giant cockroach but does no damage.
The giant cockroach bites you but does no damage.
You shoot a bolt. The bolt hits the giant cockroach!
You kill the giant cockroach!
No target in view!
No target in view!
No target in view!
No target in view!
No target in view!
No target in view!
No target in view!
No target in view!
No target in view!
Found a stone staircase leading down.
Found a stone staircase leading down.
You now have 117 gold pieces (gained 13).
A hobgoblin comes into view.
A hobgoblin is nearby!
You shoot a bolt.
The bolt hits the hobgoblin but does no damage.
The hobgoblin shouts!
You shoot a bolt. The bolt closely misses the hobgoblin.
You shoot a bolt. The bolt closely misses the hobgoblin.
You shoot a bolt. The bolt hits the hobgoblin.
You kill the hobgoblin!
No target in view!
No target in view!
No target in view!
No target in view!
No target in view!
No target in view!
No target in view!
e - a scroll labelled HIANOCWOQO Eustachio the Magnificent comes into view.
He is wielding a +2 rapier of venom.
You shoot a bolt. The bolt hits Eustachio.
Shoot: a) +1 hand crossbow {crossbow}
Press: ? - help, Q - select action Shift-Dir - straight line, f/p - Eustachio
Aim: Eustachio, wielding a +2 rapier of venom and wearing a +0 leather armour (lightly wounded, 61% to hit)
You shoot a bolt. The bolt hits Eustachio.
Shoot: a) +1 hand crossbow {crossbow}
Press: ? - help, Q - select action Shift-Dir - straight line, f/p - Eustachio
Aim: Eustachio, wielding a +2 rapier of venom and wearing a +0 leather armour (lightly wounded, 61% to hit)
You shoot a bolt. The bolt closely misses Eustachio.
Eustachio screams, "At last I'll have my revenge!"
Shoot: a) +1 hand crossbow {crossbow}
Press: ? - help, Q - select action Shift-Dir - straight line, f/p - Eustachio
Aim: Eustachio, wielding a +2 rapier of venom and wearing a +0 leather armour (lightly wounded, 61% to hit)
You shoot a bolt. The bolt barely misses Eustachio.
Eustachio hits you with a +2 rapier of venom.
Shoot: a) +1 hand crossbow {crossbow}
Press: ? - help, Q - select action Shift-Dir - straight line, f/p - Eustachio
Aim: Eustachio, wielding a +2 rapier of venom and wearing a +0 leather armour (lightly wounded, 61% to hit)
You shoot a bolt. The bolt barely misses Eustachio.
Eustachio hits you with a +2 rapier of venom!
You are poisoned.
Shoot: a) +1 hand crossbow {crossbow}
Press: ? - help, Q - select action Shift-Dir - straight line, f/p - Eustachio
Aim: Eustachio, wielding a +2 rapier of venom and wearing a +0 leather armour (lightly wounded, 61% to hit)
You shoot a bolt. The bolt hits Eustachio!
You feel very sick.
Eustachio hits you with a +2 rapier of venom.
* * * LOW HITPOINT WARNING * * *
You are lethally poisoned!
HP[-20]
You take 20 damage, and now have 10/30 hp.
MASSIVE DAMAGE!! (PAUSE) Shoot: a) +1 hand crossbow {crossbow}
Press: ? - help, Q - select action Shift-Dir - straight line, f/p - Eustachio
Aim: Eustachio, wielding a +2 rapier of venom and wearing a +0 leather armour (moderately wounded, 61% to hit)
You shoot a bolt. The bolt hits Eustachio!
* * * LOW HITPOINT WARNING * * *
You feel very sick. Eustachio misses you.
HP[-5]
You take 5 damage, and now have 5/30 hp.
Shoot: a) +1 hand crossbow {crossbow}
Press: ? - help, Q - select action Shift-Dir - straight line, f/p - Eustachio
Aim: Eustachio, wielding a +2 rapier of venom and wearing a +0 leather armour (heavily wounded, 61% to hit)
You shoot a bolt.
The bolt hits Eustachio but does no damage.
* * * LOW HITPOINT WARNING * * *
You feel very sick. You block Eustachio's attack.
HP[-3]
You take 3 damage, and now have 2/30 hp.
Shoot: a) +1 hand crossbow {crossbow}
Press: ? - help, Q - select action Shift-Dir - straight line, f/p - Eustachio
Aim: Eustachio, wielding a +2 rapier of venom and wearing a +0 leather armour (heavily wounded, 61% to hit)
You shoot a bolt. The bolt hits Eustachio!
You die...

Skill      XL: |  1  2  3  4  5 |
---------------+----------------+-----
Crossbows      | 6 7 8 |  8.6
Fighting       | |  2.1
Dodging        | |  2.4
Stealth        | |  1.3

Action                   |  1- 3 |  4- 6 || total
-------------------------+-------+-------++-------
 Fire: Hand crossbow     |    70 |    53 ||   123
Armor: Leather armour    |     3 |     3 ||     6
Dodge: Dodged            |    23 |    22 ||    45
Block: Other             |       |     1 ||     1

Levels and vault maps discovered:
D:1:      scummos_arrival_star, layout_loops_corners,
          chequers_ecumenical_altar_island, serial_rivers,
          chequers_serial_rivers_small_b, chequers_serial_rivers_micro_c,
          chequers_serial_rivers_small_3, chequers_serial_rivers_small_b,
          chequers_serial_rivers_micro_c, chequers_serial_rivers_small_3
D:2:      layout_basic
D:3:      layout_loops_cross, kennysheep_jessica_study, uniq_natasha
D:4:      layout_cave_pools, uniq_eustachio, uniq_duvessa

Notes
Turn   | Place    | Note
-------+----------+-------------------------------------------
     0 | D:1      | zeratav the Kobold Hunter began the quest for the Orb.
     0 | D:1      | Reached XP level 1. HP: 12/12 MP: 1/1
     0 | D:1      | magus.rc [v1.9.6]
   343 | D:1      | Reached XP level 2. HP: 17/17 MP: 2/2
   469 | D:1      | Reached skill level 6 in Crossbows
   724 | D:1      | You pick up a book of Conjurations {@e2} and begin
                  | reading...
   724 | D:1      | You add the spells Magic Dart, Searing Ray and Fulminant
                  | Prism to your library.
   874 | D:1      | Reached XP level 3. HP: 21/21 MP: 3/3
   946 | D:1      | Found a faded altar of an unknown god.
  1209 | D:2      | You fall into a shaft and drop 1 floor!
  1503 | D:3      | Reached skill level 7 in Crossbows
  1673 | D:3      | Reached XP level 4. HP: 26/26 MP: 4/4
  1781 | D:3      | Noticed Natasha
  1792 | D:3      | HP: 4/26 [white imp[Natasha] (5)]
  1793 | D:3      | Killed Natasha
  2063 | D:3      | Identified the +1 leather armour of the Albatross {rElec
                  | rCorr Str+2}
  2092 | D:3      | Noticed Jessica
  2093 | D:3      | Killed Jessica
  2094 | D:3      | Reached XP level 5. HP: 30/30 MP: 5/5
  2105 | D:3      | Got Jessica's Volume of Stolen Souls
  2259 | D:3      | Noticed Natasha
  2268 | D:3      | Killed Natasha
  2269 | D:3      | Reached skill level 8 in Crossbows
  2686 | D:4      | Noticed Eustachio
  2693 | D:4      | HP: 5/30 [poisoned by Eustachio]
  2694 | D:4      | HP: 2/30 [poisoned by Eustachio]
  2695 | D:4      | Succumbed to Eustachio's poison

Vanquished Creatures
  Jessica (D:3)
  An iguana (D:4)
  Natasha (twice) (D:3)
  An adder (D:3)
  An ufetubus (D:3)
  A worm (D:3)
  A dart slug (D:1)
  An orc (D:3)
  4 endoplasms
  4 giant cockroaches
  3 goblins (D:1)
  2 hobgoblins
  A quokka (D:3)
  5 ball pythons
  4 bats
  3 frilled lizards
  A kobold (D:1)
  2 rats (D:1)
38 creatures vanquished.

Table legend:
 A = Non-vault XP
 B = Vault XP
 C = Vault XP percentage of total XP
 D = Non-vault monster count
 E = Vault monster count
 F = Vault count percentage of total count
                 A         B        C        D         E       F
            +---------+---------+-------+---------+---------+-------
      Total |     150 |      74 |  33.0 |      35 |       3 |   7.9
            +---------+---------+-------+---------+---------+-------
        D:1 |      30 |       0 |   0.0 |      18 |       0 |   0.0
        D:2 |       2 |       0 |   0.0 |       1 |       0 |   0.0
        D:3 |      77 |      74 |  49.0 |      13 |       3 |  18.8
        D:4 |      41 |       0 |   0.0 |       3 |       0 |   0.0
            +---------+---------+-------+---------+---------+-------

Illustrated notes

Table legend:
 A = Kills in this place as a percentage of kills in entire the game.
 B = Kills by you in this place as a percentage of kills by you in the entire game.
 C = Kills by friends in this place as a percentage of kills by friends in the entire game.
 D = Other kills in this place as a percentage of other kills in the entire game.
 E = Experience gained in this place as a percentage of experience gained in the entire game.
 F = Experience gained in this place divided by the number of levels of this place that you have seen.
                   A       B       C       D       E      F
               +-------+-------+-------+-------+-------+----------------------
         Total | 100.0 | 100.0 |   N/A |   N/A | 100.0 |  56.0
       Dungeon | 100.0 | 100.0 |   N/A |   N/A | 100.0 |  56.0
               +-------+-------+-------+-------+-------+----------------------

Table legend: (Time is in decaauts)
 A = Elapsed time spent in this place.
 B = Non-inter-level travel time spent in this place.
 C = Inter-level travel time spent in this place.
 D = Time resting spent in this place.
 E = Time spent auto-exploring this place.
 F = Levels seen in this place.
 G = Mean time per level.
                   A        B        C        D        E       F      G
               +--------+--------+--------+--------+--------+-----+--------+
         Total |   2742 |   2695 |     47 |      0 |   2464 |   4 |  685.5 |
       Dungeon |   2742 |   2695 |     47 |      0 |   2464 |   4 |  685.5 |
               +--------+--------+--------+--------+--------+-----+--------+

Top non-repeatable levels by time:
     D:3: 1263 daAuts
     D:1: 1234 daAuts
     D:4: 236 daAuts
     D:2: 8 daAuts
